 Dungeon Crawl Stone Soup version 0.15.2-1-g79e6ab2eea (webtiles) character file.

876 mopl the Cudgeler (level 8, -1/87 HPs)
             Began as an Ogre Gladiator on Dec 20, 2019.
             Was a Priest of Cheibriados.
             Slain by a quokka (2 damage)
             ... summoned by Eustachio
             ... on Level 4 of the Dungeon.
             The game lasted 00:08:57 (4374 turns).

mopl the Cudgeler (Ogre Gladiator)                  Turns: 4374, Time: 00:08:58

HP  -1/87        AC  5     Str 29      XL: 8   Next:  4%
MP  24/24        EV 11     Int 17      God: Cheibriados [***...]
Gold 247         SH  0     Dex 18      Spells:  0 memorised,  7 levels left

rFire  . . .     SeeInvis .     b - +0 flail
rCold  . . .     Clarity  .     r - +2 robe
rNeg   . . .     rCorr    .     (shield restricted)
rPois  .         rRot     .     c - +0 hat
rElec  .         Spirit   .     (no cloak)
SustAb .         Warding  .     (gloves unavailable)
rMut   .         Stasis   .     (boots unavailable)
Gourm  .                        (no amulet)
MR     .....                    (no ring)
                                s - ring of magical power

@: very slow, not resistant to hostile enchantments, unstealthy
A: unfitting armour, tough skin 1
a: Bend Time, Temporal Distortion, Renounce Religion


You were on level 4 of the Dungeon.
You worshipped Cheibriados.
Cheibriados was most pleased with you.
You were not hungry.

You visited 1 branch of the dungeon, and saw 4 of its levels.

You collected 247 gold pieces.

Inventory:

Hand weapons
 a - a +0 giant spiked club
 b - a +0 flail (weapon)
 y - a cursed +0 blowgun
Missiles
 d - 2 throwing nets (quivered)
 t - 32 poisoned needles
Armour
 c - a +0 hat (worn)
 m - a +0 animal skin
 r - a +2 robe (worn)
Magical devices
 p - a wand of digging (12)
 v - a wand of flame (6)
Comestibles
 f - 4 meat rations
 i - 3 bread rations
 u - 3 fruits
Scrolls
 g - a scroll of amnesia
 h - a scroll of magic mapping
 n - a scroll of recharging
 o - a scroll of fear {unknown}
 q - 4 scrolls of remove curse
Jewellery
 s - a ring of magical power (left hand)
 x - an uncursed ring of ice
Potions
 e - 3 potions of restore abilities
 k - 2 potions of agility {unknown}
 w - a potion of might {unknown}
Books
 j - a book of Death

   Spells                             Type                      Level
   Corpse Rot                         Necromancy                   2
   Sublimation of Blood               Necromancy                   2
   Agony                              Necromancy                   5
   Dispel Undead                      Necromancy                   5
   Excruciating Wounds                Charms/Necromancy            5
   Bolt of Draining                   Conjuration/Necromancy       5


   Skills:
 + Level 7.1 Fighting
 + Level 7.7 Maces & Flails
 - Level 2.2 Throwing
 - Level 2.6 Dodging
 + Level 5.3 Invocations


You had 7 spell levels left.
You didn't know any spells.

Dungeon Overview and Level Annotations

Branches:
Dungeon (4/15)             Temple (0/1) D:4

Altars:
Cheibriados

Shops:
D:4 %

Annotations:
D:4 Dowan, Duvessa, Eustachio


Innate Abilities, Weirdness & Mutations

You are too large for most types of armour.
You have tough skin (AC +1).


Message History

The quokka bites you.
* * * LOW HITPOINT WARNING * * *
The quokka barely misses you. The quokka bites you.
* * * LOW HITPOINT WARNING * * *
The quokka bites you but does no damage.
The green rat closely misses you.
The iron imp disappears in a puff of smoke!
The quokka bites you but does no damage.
The green rat misses you.
The crimson imp grinds its teeth.
The quokka barely misses you.
The quokka bites you but does no damage. x2
You open the door.
Duvessa and Dowan come into view.
Duvessa shouts!
The quokka barely misses you.
Eustachio gestures wildly while chanting.
Eustachio blinks!
The green rat barely misses you. The quokka bites you.
You die...

**#######
*,,.....##**###########
*,,,@.ee.,,,...........
*,,,,.>.,,,............
*****#'######.........#
#####@r5...#.......%.#
#...rrr....#.........#
#....5.....####..)...#
#......ยง...+,,+.....)#
###..........#*##.....).
#...(...)....# #...####.
#...##.=..######...####.
*...##....)....#...#...#
*....)....)..@.##'##...#


You could see Eustachio, Duvessa, Dowan (wandering), a crimson imp, a green rat,
a shadow imp and 3 quokkas.

Vanquished Creatures
  The ghost of glosham the Cudgeler, an average OgAM of Xom (D:4)
  Menkaure (D:4)
  An ice beast (D:4)
  An ogre (D:4)
  Sigmund (D:3)
  A water moccasin zombie (D:3)
  2 orc priests (D:4)
  2 orc wizards (D:4)
  A worker ant (D:4)
  Ijyb (D:4)
  A gnoll (D:3)
  3 adders
  3 giant mites (D:4)
  3 worms
  A giant gecko (D:1)
  2 oozes
  3 orcs (D:4)
  A ball python (D:4)
  12 bats
  5 giant cockroaches
  8 hobgoblins
  5 giant newts
  5 goblins
  A goblin skeleton (D:4)
  12 kobolds
  A quokka (D:4)
  10 rats
88 creatures vanquished.

Vanquished Creatures (others)
  A butterfly (D:4)
1 creature vanquished.

Grand Total: 89 creatures vanquished

Notes
Turn   | Place    | Note
--------------------------------------------------------------
     0 | D:1      | mopl, the Ogre Gladiator, began the quest for the Orb.
     0 | D:1      | Reached XP level 1. HP: 22/22 MP: 1/1
    15 | D:1      | Found a snail-covered altar of Cheibriados.
    29 | D:1      | Became a worshipper of Cheibriados the Contemplative
    70 | D:1      | Reached XP level 2. HP: 8/31 MP: 2/2
   473 | D:1      | Reached skill level 1 in Invocations
   630 | D:1      | Reached XP level 3. HP: 20/37 MP: 3/3
  1455 | D:2      | Reached XP level 4. HP: 29/48 MP: 5/5
  1609 | D:3      | Noticed Sigmund
  1621 | D:3      | Killed Sigmund
  1621 | D:3      | Reached skill level 5 in Maces & Flails
  1621 | D:3      | Reached XP level 5. HP: 40/55 MP: 7/7
  2384 | D:3      | Reached skill level 5 in Fighting
  2632 | D:4      | Noticed Ijyb
  2644 | D:4      | Killed Ijyb
  2644 | D:4      | Reached XP level 6. HP: 39/66 MP: 10/10
  2761 | D:4      | Noticed Menkaure
  2772 | D:4      | Killed Menkaure
  2772 | D:4      | Reached skill level 6 in Maces & Flails
  2876 | D:4      | Noticed glosham's ghost (average OgAM)
  3204 | D:4      | Found Equis' Food Boutique.
  3266 | D:4      | Killed glosham's ghost
  3266 | D:4      | Reached XP level 7. HP: 34/75 MP: 12/12
  3388 | D:4      | Reached skill level 7 in Maces & Flails
  3445 | D:4      | Found a staircase to the Ecumenical Temple.
  3598 | D:4      | Acquired Cheibriados' first power
  3712 | D:4      | Reached skill level 5 in Invocations
  4085 | D:4      | Reached XP level 8. HP: 39/87 MP: 15/15
  4349 | D:4      | Noticed Eustachio
  4369 | D:4      | HP: 4/87 [green rat[Eustachio] (5)]
  4370 | D:4      | HP: 1/87 [quokka[Eustachio] (3)]
  4374 | D:4      | Noticed Duvessa
  4374 | D:4      | Noticed Dowan
  4374 | D:4      | Slain by a quokka

Action                   |  1- 3 |  4- 6 |  7- 9 || total
-------------------------+-------+-------+-------++-------
Melee: Flail             |   107 |   140 |    63 ||   310
       Giant spiked club |       |       |     8 ||     8
Throw: Throwing net      |       |     1 |       ||     1
Evoke: Wand              |       |     4 |     4 ||     8
  Use: Scroll            |       |     8 |       ||     8
       Potion            |       |       |     1 ||     1
 Stab: Sleeping          |     1 |     2 |     1 ||     4
  Eat: Chunk             |     1 |     4 |     3 ||     8
